[ PARTIDA AOE2 · #484512238 ]
1v1 RMCeltas vs Cumans
Equipo del jugador · DERR
Equipo rival · VICT
[ ANÁLISIS DE REPETICIÓN · EXTRAÍDO DE LA PARTIDA GRABADA ]
Feudal
13:56
Castillos
21:36
Imperial
—
| APM promedio | 31.7 |
| APM pico | 73 |
| eAPM promedio | 16.6 |
| Aldeanos / militares | 132 / 380 |
Foco
⚔️ 39.1% · 🌾 60.9%
Spearman ×223 · Archer ×62 · Militia ×38 · Woad Raider ×35 · Skirmisher ×20 · Battering Ram ×2
Feudal
11:37
Castillos
28:11
Imperial
46:06
| APM promedio | 28.9 |
| APM pico | 65 |
| eAPM promedio | 16.3 |
| Aldeanos / militares | 207 / 230 |
Foco
⚔️ 25.9% · 🌾 74.1%
Steppe Lancer ×120 · Cavalry Archer ×42 · Knight ×31 · Scout Cavalry ×12 · Scorpion ×9 · Mangonel ×5
Mapa de la partida
Recursos iniciales + cada clic de construcción. Líneas = muros · curvas = relieve. ◆ oro · ⬟ piedra · ● bayas · ✦ reliquia · ◌ hueco del cierre
Tu base· Abierta — flanco sin cerrar
Base de INSTALL_404· Abierta — flanco sin cerrar
Terreno inicial suavizado · ◌ = hueco del cierre detectado · pasá el cursor para detalles
Inputs por minuto
— Nebuchadnezzar - - INSTALL_404
Build order — Nebuchadnezzar
Primeras 150 de 387 acciones detectadas
| 0:01 | Crear | Villager (Male) |
| 0:02 | Crear | Villager (Male) |
| 0:02 | Crear | Villager (Male) |
| 0:04 | Construir | House |
| 0:06 | Construir | House |
| 0:06 | Crear | Villager (Male) |
| 1:28 | Crear | Villager (Male) |
| 1:48 | Construir | Lumber Camp |
| 2:07 | Crear | Villager (Male) |
| 2:08 | Crear | Villager (Male) |
| 2:23 | Crear | Villager (Male) |
| 3:00 | Crear | Villager (Male) |
| 3:00 | Crear | Villager (Male) |
| 3:07 | Crear | Villager (Male) |
| 3:07 | Crear | Villager (Male) |
| 3:36 | Crear | Villager (Male) |
| 3:36 | Crear | Villager (Male) |
| 3:51 | Crear | Villager (Male) |
| 3:54 | Construir | House |
| 3:55 | Construir | House |
| 4:21 | Construir | Mill |
| 4:44 | Crear | Villager (Male) |
| 5:21 | Crear | Villager (Male) |
| 5:22 | Crear | Villager (Male) |
| 6:06 | Crear | Villager (Male) |
| 6:06 | Crear | Villager (Male) |
| 6:40 | Crear | Villager (Male) |
| 6:56 | Crear | Villager (Male) |
| 6:57 | Crear | Villager (Male) |
| 7:18 | Crear | Villager (Male) |
| 7:35 | Crear | Villager (Male) |
| 7:47 | Investigar | Loom |
| 7:59 | Construir | Barracks |
| 8:02 | Construir | Palisade Wall |
| 8:10 | Construir | House |
| 8:13 | Construir | House |
| 8:18 | Construir | Palisade Wall |
| 8:20 | Crear | Villager (Male) |
| 8:43 | Construir | Mining Camp |
| 8:44 | Crear | Villager (Male) |
| 8:57 | Crear | Villager (Male) |
| 9:23 | Crear | Villager (Male) |
| 9:42 | Crear | Villager (Male) |
| 10:31 | Crear | Villager (Male) |
| 10:48 | Construir | Farm |
| 10:49 | Construir | Farm |
| 10:52 | Construir | Farm |
| 10:53 | Construir | Farm |
| 10:57 | Construir | Farm |
| 10:58 | Construir | Farm |
| 11:46 | Investigar | Feudal Age |
| 12:01 | Construir | Farm |
| 12:05 | Construir | Farm |
| 12:18 | Crear | Villager (Male) |
| 13:17 | Crear | Villager (Male) |
| 13:43 | Construir | House |
| 13:45 | Construir | House |
| 13:53 | Construir | Mill |
| 13:56 | Edad | Edad Feudal |
| 14:18 | Construir | Archery Range |
| 14:20 | Construir | Palisade Wall |
| 14:29 | Construir | Blacksmith |
| 14:36 | Construir | House |
| 14:37 | Construir | House |
| 14:38 | Crear | Villager (Male) |
| 14:41 | Investigar | Double-Bit Axe |
| 14:42 | Investigar | Horse Collar |
| 14:43 | Crear | Villager (Male) |
| 14:46 | Construir | Farm |
| 14:49 | Crear | Villager (Male) |
| 14:55 | Construir | Farm |
| 15:08 | Crear | Villager (Male) |
| 15:20 | Crear | Villager (Male) |
| 15:35 | Crear | Archer ×5 |
| 15:35 | Crear | Archer ×5 |
| 15:45 | Crear | Villager (Male) |
| 15:52 | Construir | Farm |
| 15:57 | Crear | Villager (Male) |
| 16:33 | Crear | Villager (Male) |
| 16:39 | Crear | Villager (Male) |
| 16:47 | Construir | Farm |
| 16:47 | Construir | Farm |
| 16:48 | Construir | Farm |
| 16:58 | Investigar | Fletching |
| 17:05 | Crear | Villager (Male) |
| 17:09 | Crear | Villager (Male) |
| 17:30 | Construir | Market |
| 17:31 | Construir | House |
| 17:37 | Crear | Villager (Male) |
| 17:40 | Construir | Farm |
| 17:41 | Crear | Villager (Male) |
| 17:48 | Construir | Farm |
| 17:48 | Crear | Villager (Male) |
| 17:54 | Construir | Farm |
| 17:54 | Construir | Farm |
| 17:54 | Construir | Farm |
| 17:55 | Construir | Farm |
| 17:55 | Construir | Farm |
| 17:55 | Construir | Farm |
| 17:55 | Construir | Farm |
| 18:24 | Crear | Villager (Male) |
| 18:26 | Construir | Farm |
| 18:43 | Crear | Villager (Male) |
| 18:47 | Construir | Farm |
| 18:48 | Crear | Villager (Male) |
| 18:56 | Investigar | Castle Age |
| 18:59 | Crear | Archer ×5 |
| 18:59 | Crear | Archer ×5 |
| 18:59 | Crear | Archer ×3 |
| 19:03 | Crear | Villager (Male) |
| 19:20 | Construir | Farm |
| 20:15 | Crear | Villager (Male) |
| 20:50 | Investigar | Padded Archer Armor |
| 21:02 | Crear | Villager (Male) |
| 21:07 | Crear | Archer |
| 21:07 | Crear | Villager (Male) |
| 21:22 | Construir | Archery Range |
| 21:23 | Construir | House |
| 21:36 | Edad | Edad de los Castillos |
| 22:13 | Crear | Villager (Male) |
| 22:16 | Investigar | Crossbowman (upgrade) |
| 22:19 | Investigar | Bodkin Arrow |
| 22:22 | Crear | Archer ×5 |
| 22:22 | Crear | Archer ×5 |
| 22:24 | Crear | Villager (Male) |
| 22:32 | Crear | Archer |
| 22:32 | Crear | Archer |
| 23:03 | Crear | Archer |
| 23:03 | Crear | Archer |
| 23:32 | Crear | Villager (Male) |
| 23:59 | Investigar | Crossbowman (upgrade) |
| 24:10 | Crear | Archer ×5 |
| 24:10 | Crear | Archer ×5 |
| 24:11 | Crear | Archer ×4 |
| 24:16 | Crear | Villager (Male) |
| 24:25 | Crear | Archer |
| 24:26 | Crear | Archer |
| 24:28 | Crear | Spearman ×5 |
| 24:28 | Crear | Spearman ×5 |
| 24:29 | Crear | Spearman ×5 |
| 24:34 | Crear | Villager (Male) |
| 24:39 | Construir | House |
| 24:41 | Construir | Palisade Wall |
| 24:48 | Crear | Villager (Male) |
| 24:51 | Construir | Farm |
| 24:55 | Crear | Villager (Male) |
| 25:04 | Crear | Villager (Male) |
| 25:14 | Crear | Spearman ×5 |
| 25:15 | Crear | Spearman ×5 |
| 26:06 | Crear | Villager (Male) |
Build order — INSTALL_404
Primeras 150 de 373 acciones detectadas
| 0:00 | Crear | Villager (Male) ×4 |
| 0:01 | Crear | Villager (Male) ×4 |
| 1:31 | Crear | Villager (Male) |
| 1:31 | Crear | Villager (Male) |
| 1:37 | Construir | House |
| 1:54 | Crear | Villager (Male) |
| 1:54 | Crear | Villager (Male) |
| 2:11 | Investigar | Loom |
| 2:13 | Crear | Villager (Male) |
| 2:58 | Crear | Villager (Male) |
| 2:58 | Crear | Villager (Male) |
| 3:01 | Investigar | Loom |
| 3:51 | Crear | Villager (Male) |
| 3:51 | Crear | Villager (Male) |
| 4:04 | Crear | Villager (Male) |
| 4:04 | Crear | Villager (Male) |
| 4:10 | Construir | Lumber Camp |
| 4:22 | Construir | House |
| 4:33 | Crear | Villager (Male) ×2 |
| 4:33 | Crear | Villager (Male) ×2 |
| 4:33 | Crear | Villager (Male) |
| 5:17 | Crear | Villager (Male) |
| 5:18 | Crear | Villager (Male) |
| 5:25 | Crear | Villager (Male) |
| 5:25 | Crear | Villager (Male) |
| 5:41 | Construir | House |
| 5:56 | Construir | Barracks |
| 6:50 | Crear | Villager (Male) ×2 |
| 6:51 | Crear | Villager (Male) ×2 |
| 7:23 | Construir | Mill |
| 8:19 | Crear | Villager (Male) |
| 8:19 | Crear | Villager (Male) |
| 8:19 | Crear | Villager (Male) |
| 8:56 | Construir | House |
| 9:27 | Investigar | Feudal Age |
| 10:13 | Construir | Mining Camp |
| 10:25 | Construir | Palisade Wall |
| 10:45 | Construir | House |
| 11:37 | Edad | Edad Feudal |
| 12:00 | Construir | Town Center |
| 12:14 | Construir | Palisade Wall |
| 12:15 | Construir | Palisade Wall |
| 12:16 | Construir | Palisade Wall |
| 12:24 | Construir | House |
| 12:26 | Construir | House |
| 12:41 | Crear | Villager (Male) |
| 12:42 | Crear | Villager (Male) |
| 12:42 | Crear | Villager (Male) |
| 12:42 | Crear | Villager (Male) |
| 12:42 | Crear | Villager (Male) |
| 12:42 | Crear | Villager (Male) |
| 12:43 | Crear | Villager (Male) |
| 12:46 | Investigar | Double-Bit Axe |
| 13:11 | Construir | Palisade Wall |
| 13:22 | Construir | Lumber Camp |
| 13:37 | Crear | Villager (Male) ×5 |
| 13:38 | Crear | Villager (Male) ×5 |
| 14:09 | Construir | Market |
| 14:16 | Construir | Palisade Gate |
| 14:22 | Construir | Farm |
| 14:27 | Construir | Farm |
| 15:08 | Construir | Farm |
| 15:09 | Construir | Farm |
| 15:10 | Construir | Farm |
| 15:11 | Construir | Farm |
| 15:12 | Construir | Farm |
| 15:17 | Construir | Farm |
| 15:22 | Construir | Farm |
| 15:28 | Construir | Farm |
| 15:34 | Construir | Farm |
| 15:40 | Construir | Farm |
| 15:52 | Crear | Villager (Male) |
| 15:53 | Crear | Villager (Male) |
| 16:31 | Construir | Farm |
| 16:31 | Construir | Farm |
| 16:31 | Construir | Farm |
| 16:32 | Construir | Farm |
| 16:32 | Construir | Farm |
| 16:32 | Construir | Farm |
| 16:32 | Construir | Farm |
| 16:33 | Construir | Farm |
| 16:33 | Construir | Farm |
| 16:33 | Construir | Farm |
| 16:33 | Construir | Farm |
| 16:34 | Construir | Farm |
| 16:39 | Crear | Villager (Male) ×2 |
| 16:40 | Crear | Villager (Male) ×2 |
| 16:52 | Investigar | Horse Collar |
| 17:01 | Construir | House |
| 17:20 | Construir | House |
| 17:42 | Crear | Villager (Male) ×3 |
| 17:42 | Crear | Villager (Male) ×3 |
| 17:48 | Construir | Farm |
| 17:48 | Construir | Farm |
| 17:48 | Construir | Farm |
| 17:48 | Construir | Farm |
| 17:49 | Construir | Farm |
| 17:49 | Construir | Farm |
| 17:50 | Construir | Farm |
| 17:50 | Construir | Farm |
| 18:06 | Construir | Lumber Camp |
| 18:15 | Crear | Villager (Male) ×4 |
| 18:46 | Construir | Farm |
| 18:47 | Construir | Farm |
| 18:48 | Construir | Farm |
| 18:51 | Construir | Farm |
| 19:15 | Construir | Stable |
| 19:25 | Crear | Trade Cart |
| 19:48 | Crear | Villager (Male) |
| 19:48 | Crear | Villager (Male) |
| 19:59 | Construir | House |
| 20:02 | Construir | House |
| 20:05 | Construir | House |
| 20:20 | Construir | House |
| 20:52 | Investigar | Bloodlines |
| 20:57 | Construir | Stable |
| 21:07 | Construir | Stable |
| 21:32 | Crear | Villager (Male) |
| 21:32 | Crear | Villager (Male) |
| 21:33 | Crear | Villager (Male) |
| 21:33 | Crear | Villager (Male) |
| 21:33 | Crear | Villager (Male) |
| 21:33 | Crear | Villager (Male) |
| 21:34 | Crear | Villager (Male) |
| 21:34 | Crear | Villager (Male) |
| 21:34 | Crear | Villager (Male) |
| 21:37 | Crear | Villager (Male) |
| 21:37 | Crear | Villager (Male) |
| 21:37 | Crear | Villager (Male) |
| 21:37 | Crear | Villager (Male) |
| 21:38 | Crear | Villager (Male) |
| 21:38 | Crear | Villager (Male) |
| 21:38 | Crear | Villager (Male) |
| 21:57 | Construir | Stable |
| 21:58 | Construir | Stable |
| 22:34 | Construir | House |
| 22:49 | Construir | Blacksmith |
| 22:52 | Crear | Scout Cavalry ×5 |
| 22:53 | Crear | Scout Cavalry ×5 |
| 22:53 | Crear | Scout Cavalry ×2 |
| 23:08 | Investigar | Fletching |
| 23:47 | Investigar | Forging |
| 24:27 | Construir | House |
| 24:27 | Construir | House |
| 24:27 | Construir | House |
| 24:27 | Construir | House |
| 24:27 | Construir | House |
| 24:28 | Construir | House |
| 24:32 | Construir | House |
| 24:40 | Construir | Siege Workshop |
Cronología de la partida
| 5:56 | INSTALL_404 · first_building Barracks |
| 7:59 | Nebuchadnezzar · first_building Barracks |
| 8:02 | Nebuchadnezzar · wall_segment Palisade Wall x1 |
| 8:18 | Nebuchadnezzar · wall_segment Palisade Wall x1 |
| 10:25 | INSTALL_404 · wall_segment Palisade Wall x7 |
| 11:37 | INSTALL_404 · age_up feudal |
| 12:14 | INSTALL_404 · wall_segment Palisade Wall x2 |
| 12:15 | INSTALL_404 · wall_segment Palisade Wall x1 |
| 12:16 | INSTALL_404 · wall_segment Palisade Wall x1 |
| 13:11 | INSTALL_404 · wall_segment Palisade Wall x8 |
| 13:56 | Nebuchadnezzar · age_up feudal |
| 14:18 | Nebuchadnezzar · first_building Archery Range |
| 14:20 | Nebuchadnezzar · wall_segment Palisade Wall x1 |
| 19:15 | INSTALL_404 · first_building Stable |
| 21:36 | Nebuchadnezzar · age_up castle |
| 24:40 | INSTALL_404 · first_building Siege Workshop |
| 24:41 | Nebuchadnezzar · wall_segment Palisade Wall x1 |
| 25:20 | INSTALL_404 · first_market_buy 100 food |
| 28:11 | INSTALL_404 · age_up castle |
| 34:48 | Nebuchadnezzar · wall_segment Stone Wall x4 |
| 35:20 | Nebuchadnezzar · wall_segment Palisade Wall x1 |
| 37:55 | Nebuchadnezzar · first_building Stable |
| 39:28 | INSTALL_404 · first_building Monastery |
| 40:35 | Nebuchadnezzar · first_building Siege Workshop |
| 42:22 | Nebuchadnezzar · first_building Castle |
| 43:11 | INSTALL_404 · first_building Archery Range |
| 44:07 | INSTALL_404 · first_market_sell 100 wood |
| 45:11 | INSTALL_404 · first_building Castle |
| 46:06 | INSTALL_404 · age_up imperial |
| 50:59 | Nebuchadnezzar · resign |
[ ANÁLISIS IA · 1 CRÉDITO ]
¿Qué pasó realmente en esta partida?
Wolo.gg analiza cada decisión: build order, eco, micro, errores típicos por bracket. Análisis personalizado por WhatsApp o Discord en 30 segundos.
Guía civ
Celtas
Guía mapa
Marketplace
Perfil
Jugador #324699